 Dungeon Crawl Stone Soup version 0.21.1-1-g345015f (webtiles) character file.

9433 Mirai the Cleaver (level 11, -13/84 HPs)
             Began as a Demonspawn Fighter on Mar 7, 2018.
             Was a High Priest of Okawaru.
             Hit by a large rock thrown by a cyclops (32 damage)
             ... on level 11 of the Dungeon.
             The game lasted 00:32:36 (8941 turns).

Mirai the Cleaver (Demonspawn Fighter)              Turns: 8941, Time: 00:32:37

Health: -13/84     AC: 17    Str: 21      XL:     11   Next: 23%
Magic:  23/23      EV: 11    Int:  8 (9)  God:    Okawaru [*****.]
Gold:   241        SH:  0    Dex: 21      Spells: 14/15 levels left

rFire    . . .     SeeInvis +   g - +6 hand axe "Beetle's Undoing" {drain, *Noise rElec rC+++ SInv}
rCold    + + +     Gourm    .   c - +1 shield
rNeg     . . .     Faith    .   x - +0 plate armour
rPois    +         Spirit   .   l - +2 hat
rElec    +         Reflect  .   (no cloak)
rCorr    .         Harm     .   (no gloves)
MR       .....                  e - +0 pair of boots
Stlth    ..........             (no amulet)
HPRegen  0.24/turn              y - ring of protection from cold
MPRegen  0.18/turn              C - ring of magical power

@: confused, agile
A: antennae 2, thin skeletal structure 2, demonic guardian 2, poison resistance,
powered by pain 1, shaggy fur 1, evolution 1
a: Heroism, Finesse, Renounce Religion


You were on level 11 of the Dungeon.
You worshipped Okawaru.
Okawaru was extremely pleased with you.
You were not hungry.

You visited 2 branches of the dungeon, and saw 12 of its levels.

You collected 496 gold pieces.
You spent 255 gold pieces at shops.

Inventory:

Hand Weapons
 a - the +2 battleaxe "Demon's Curse" {elec, MP-9 Int+2 SInv}
   (You bought it in a shop on level 8 of the Dungeon)

   Occasionally, upon striking a foe, it will discharge some electrical energy
   and cause terrible harm.
   It affects your intelligence (+2).
   It affects your magic capacity (-9).
   It lets you see invisible.
 g - the +6 hand axe "Beetle's Undoing" (weapon) {drain, *Noise rElec rC+++ SInv}
   (Okawaru gifted it to you on level 10 of the Dungeon)

   A truly terrible weapon, it drains the life of those it strikes.
   It renders you almost immune to cold.
   It insulates you from electricity.
   It lets you see invisible.
   It may make noises in combat.
Armour
 c - a +1 shield (worn)
 e - a +0 pair of boots (worn)
 l - a +2 hat (worn)
 v - a +2 robe of resistance
 x - a +0 plate armour (worn)
Jewellery
 y - a ring of protection from cold (left hand)
 C - a ring of magical power (right hand)
 E - a +4 ring of intelligence
 G - an uncursed ring of protection from cold
Wands
 h - a wand of random effects (30)
 j - a wand of digging (16)
 p - a wand of acid (4)
 r - a wand of scattershot (3)
 z - a wand of iceblast (15)
 A - a wand of enslavement (14)
 B - a wand of flame (19)
Scrolls
 k - 4 scrolls of remove curse
 n - a scroll of identify
 o - 3 scrolls of teleportation
 q - 3 scrolls of enchant weapon
 t - a scroll of immolation
 F - a scroll of fear
Potions
 d - 2 potions of ambrosia
 m - 2 potions of curing
 s - a potion of flight
 w - a potion of brilliance
Books
 b - a book of Necromancy

   Spells                             Type                      Level
   a - Pain                           Necromancy                   1
   b - Animate Skeleton               Necromancy                   1
   c - Vampiric Draining              Necromancy                   3
   d - Regeneration                   Charms/Necromancy            3
   e - Animate Dead                   Necromancy                   4
   f - Borgnjor's Vile Clutch         Necromancy/Earth             5
 u - a book of Beasts

   Spells                             Type                      Level
   a - Summon Butterflies             Summoning                    1
   b - Call Canine Familiar           Summoning                    3
   c - Summon Ice Beast               Ice/Summoning                4
   d - Summon Mana Viper              Hexes/Summoning              5
   e - Summon Hydra                   Summoning                    7
Comestibles
 f - 18 rations
 i - 13 chunks of flesh


   Skills:
 + Level 7.0 Fighting
 + Level 10.8 Axes
 + Level 7.2 Armour
 + Level 2.3 Dodging
 * Level 5.4 Shields
 - Level 2.6 Spellcasting
 * Level 6.2 Necromancy
 + Level 2.0 Invocations


You had 14 spell levels left.
You knew the following spells:

 Your Spells              Type           Power        Failure   Level  Hunger
a - Animate Skeleton      Necr           N/A          86%         1    ##.....


Dungeon Overview and Level Annotations

Branches:
Dungeon (11/15)            Temple (1/1) D:6            Lair (0/6) D:10
    Orc: D:9-12

Altars:
Ashenzari
Cheibriados
Dithmenos
Elyvilon
Fedhas
Gozag
Hepliaklqana
Kikubaaqudgha
Makhleb
Nemelex Xobeh
Okawaru
Qazlal
Ru
Sif Muna
Trog
Uskayaw
Vehumet
Wu Jian
Xom
Yredelemnul
Zin
The Shining One

Shops:
D:8 (   D:10 %


Innate Abilities, Weirdness & Mutations

You have a pair of antennae on your head.
You have a moderately thin skeletal structure. (Dex +4, Stealth+)
A demonic guardian rushes to your aid.
You sometimes gain a little power by taking damage.
Your system is resistant to poisons. (rPois)
You are covered in fur. (AC +1)
You evolve.


Message History

Your orange demon barely misses the centaur.
The centaur shoots an arrow.
The arrow hits your orange demon!
Your orange demon dies!
You see here an arrow.
The centaur shoots an arrow.
You block the arrow.
You see here 2 arrows.
The centaur shoots an arrow.
You block the arrow.
You see here 2 arrows.
The centaur shoots an arrow.
You block the arrow.
The centaur shoots an arrow.
The arrow hits you.
* * * LOW HITPOINT WARNING * * *
You see here an arrow.
Unknown command.
You are confused.
You feel invigorated.
The centaur shoots an arrow.
The arrow closely misses you.
The centaur dies!
Okawaru accepts your kill.
The cyclops throws a large rock.
The large rock hits you!!
You die...

### #.. ######### #..
........# ########..
........# ###(((((.'..
........#
#######)(.######..
....)))(########@(..)))###
#..
.....)(.(C)(((((.#######
#.. .....))(########## #..
###'##### #.. ##(.# #..
.{.## ### {### .# ## ## ..


You could see a cyclops.

Vanquished Creatures
  A two-headed ogre (D:8)
  An unseen horror (D:10)
  2 hippogriffs (D:10)
  The ghost of Wehk the Gusty, an amateur TeAE of Vehumet (D:4)
  6 yaks (D:9)
  A hungry ghost (D:6)
  A soldier ant (shapeshifter) (D:10)
  2 orc warriors
  3 sky beasts
  3 ice beasts
  5 ogres
  12 centaurs
  3 big kobolds (D:9)
  4 bullfrogs
  A scorpion (D:9)
  4 killer bees (D:7)
  5 wights (D:7)
  3 jellies
  A howler monkey (D:5)
  A crimson imp (D:10)
  2 bullfrog zombies (D:5)
  A centaur zombie (D:7)
  3 hounds
  A gnoll shaman (D:9)
  2 centaur skeletons (D:7)
  6 orc priests
  A bullfrog skeleton (D:8)
  2 iguanas (D:8)
  6 worker ants
  4 orc wizards
  A killer bee zombie (D:10)
  A hound skeleton (D:8)
  A worker ant zombie (D:6)
  5 gnolls (D:9)
  9 adders
  A howler monkey skeleton (D:4)
  A shadow imp (D:5)
  An adder zombie (D:8)
  A worm (D:3)
  4 dart slugs
  5 leopard geckos
  22 orcs
  5 giant cockroaches
  9 goblins
  6 hobgoblins
  14 jackals
  13 kobolds
  A quokka (D:5)
  A ball python (D:2)
  4 bats (D:1)
  3 frilled lizards
  A leopard gecko skeleton (D:8)
  A quokka skeleton (D:5)
  3 rats (D:1)
201 creatures vanquished.

Vanquished Creatures (collateral kills)
  A two-headed ogre (D:8)
  Sonja (D:10)
  3 ugly things
  Sigmund (D:4)
  5 yaks (D:9)
  A hungry ghost (D:10)
  An ice beast (D:7)
  2 ogres
  3 centaurs (D:11)
  A bullfrog (D:9)
  A killer bee (D:7)
  A howler monkey (D:11)
  A bullfrog skeleton (D:5)
  An orc (D:6)
  4 jackals
27 creatures vanquished.

Vanquished Creatures (others)
  An orc wizard (D:8)
1 creature vanquished.

Grand Total: 229 creatures vanquished

Notes
Turn   | Place    | Note
-------+----------+-------------------------------------------
     0 | D:1      | Mirai the Demonspawn Fighter began the quest for the Orb.
     0 | D:1      | Reached XP level 1. HP: 18/18 MP: 1/1
     0 | D:1      | Noticed a centaur
     0 | D:1      | Noticed a felid
     8 | D:1      | Noticed a felid
    10 | D:1      | Noticed a dwarf
    10 | D:1      | Noticed an ogre
    12 | D:1      | Noticed an elf
    19 | D:1      | Noticed a naga
    21 | D:1      | Noticed a formicid
    23 | D:1      | Noticed a naga
    23 | D:1      | Noticed an elf
    25 | D:1      | Noticed an ogre
    27 | D:1      | Noticed a naga
   138 | D:1      | Gained mutation: You have a somewhat thin skeletal structure. (Dex +2, Stealth) [demonic ancestry]
   138 | D:1      | Reached XP level 2. HP: 24/24 MP: 2/2
   158 | D:1      | Reached skill level 2 in Axes
   351 | D:1      | Gained mutation: You sometimes gain a little power by taking damage. [demonic ancestry]
   351 | D:1      | Reached XP level 3. HP: 23/29 MP: 3/3
   957 | D:2      | Found a faded altar of an unknown god.
  1019 | D:2      | Reached skill level 3 in Axes
  1019 | D:2      | Gained mutation: You have a pair of small antennae on your head. [demonic ancestry]
  1019 | D:2      | Reached XP level 4. HP: 20/35 MP: 4/4
  1022 | D:2      | Gained mutation: A weak demonic guardian rushes to your aid. [demonic ancestry]
  1022 | D:2      | Reached XP level 5. HP: 10/41 MP: 5/5
  1902 | D:4      | Reached skill level 4 in Axes
  2039 | D:4      | Reached XP level 6. HP: 32/48 MP: 6/6
  2049 | D:4      | Noticed Wehk's ghost (amateur TeAE)
  2060 | D:4      | Killed Wehk's ghost
  2229 | D:4      | Noticed Sigmund
  2242 | D:4      | Killed Sigmund
  2242 | D:4      | Reached skill level 5 in Axes
  2245 | D:4      | Gained mutation: You have a pair of antennae on your head. [demonic ancestry]
  2245 | D:4      | Reached XP level 7. HP: 31/54 MP: 7/7
  2484 | D:5      | Entered Level 5 of the Dungeon
  2593 | D:5      | Found a hide-covered altar of Uskayaw.
  2788 | D:5      | Found a white marble altar of Elyvilon.
  2804 | D:5      | Reached skill level 6 in Axes
  3130 | D:6      | Found an ancient bone altar of Kikubaaqudgha.
  3193 | D:6      | Reached XP level 8. HP: 25/61 MP: 8/8
  3204 | D:6      | Found a shadowy altar of Dithmenos.
  3486 | D:6      | Found a staircase to the Ecumenical Temple.
  3498 | Temple   | Entered the Ecumenical Temple
  3556 | Temple   | Became a worshipper of Warmaster Okawaru
  3852 | D:6      | Reached skill level 1 in Invocations
  3937 | D:6      | Found a white marble altar of Elyvilon.
  4043 | D:6      | Found a basalt altar of Yredelemnul.
  4107 | D:6      | Found a stormy altar of Qazlal.
  4272 | D:7      | Learned a level 1 spell: Animate Skeleton
  4315 | D:7      | Reached skill level 7 in Axes
  4428 | D:7      | Reached skill level 1 in Necromancy
  4567 | D:7      | Found a sacrificial altar of Ru.
  4605 | D:7      | Reached skill level 5 in Armour
  4605 | D:7      | Reached skill level 1 in Dodging
  4605 | D:7      | Reached skill level 1 in Spellcasting
  4686 | D:7      | Reached * piety under Okawaru
  4713 | D:7      | Reached skill level 5 in Fighting
  4996 | D:7      | Reached XP level 9. HP: 61/68 MP: 11/11
  5633 | D:8      | Reached skill level 5 in Shields
  5752 | D:8      | Reached ** piety under Okawaru
  5851 | D:8      | Reached skill level 8 in Axes
  5855 | D:8      | Found a bloodstained altar of Trog.
  5940 | D:8      | Noticed a two-headed ogre
  5953 | D:8      | Killed a two-headed ogre
  5985 | D:8      | Found a deep blue altar of Sif Muna.
  6345 | D:8      | Found Nifriu's Weapon Boutique.
  6350 | D:8      | Bought the cursed +2 battleaxe "Demon's Curse" {elec, MP-9 Int+2 SInv} for 255 gold pieces
  6447 | D:8      | Noticed a two-headed ogre
  6455 | D:8      | Killed a two-headed ogre
  6455 | D:8      | Reached *** piety under Okawaru
  6455 | D:8      | Gained mutation: A demonic guardian rushes to your aid. [demonic ancestry]
  6455 | D:8      | Reached XP level 10. HP: 52/76 MP: 13/13
  6704 | D:9      | Reached skill level 9 in Axes
  6901 | D:9      | Reached **** piety under Okawaru
  6901 | D:9      | Received a gift from Okawaru
  6927 | D:9      | Reached skill level 5 in Necromancy
  6933 | D:9      | HP: 2/76 [yak (9)]
  7484 | D:8      | Gained mutation: Your system is resistant to poisons. (rPois) [potion of mutation]
  7484 | D:8      | Gained mutation: You evolve. [potion of mutation]
  7521 | D:10     | Entered Level 10 of the Dungeon
  7521 | D:10     | Found Ynwi's Food Shop.
  7619 | D:10     | Reached skill level 10 in Axes
  7683 | D:10     | Reached ***** piety under Okawaru
  7707 | D:10     | Found a staircase to the Lair.
  7815 | D:10     | Gained mutation: You are covered in fur. (AC +1) [evolution]
  8113 | D:10     | Noticed Sonja
  8321 | D:10     | Killed Sonja
  8391 | D:11     | Noticed a purple ugly thing
  8391 | D:11     | Noticed a purple ugly thing
  8391 | D:11     | Noticed an unseen horror
  8395 | D:11     | Killed a cyan ugly thing
  8462 | D:10     | Killed an unseen horror
  8462 | D:10     | Gained mutation: You have a moderately thin skeletal structure. (Dex +4, Stealth+) [demonic ancestry]
  8462 | D:10     | Reached XP level 11. HP: 16/83 MP: 14/14
  8643 | D:10     | Killed a cyan ugly thing
  8643 | D:10     | Received a gift from Okawaru
  8646 | D:10     | Got a blackened hand axe {god gift}
  8657 | D:10     | Identified the +6 hand axe "Beetle's Undoing" {drain, *Noise rElec rC+++ SInv} (Okawaru gifted it to you on level 10 of the Dungeon)
  8747 | D:11     | Noticed a white ugly thing
  8750 | D:11     | Killed a white ugly thing
  8941 | D:11     | Hit by a large rock thrown by a cyclops

Skill      XL: |  1  2  3  4  5  6  7  8  9 10 11 |
---------------+----------------------------------+-----
Axes           | 2 3 4 5 6 7 8 10 | 10.8
Shields        | 3 4 5 |  5.4
Armour         | 3 4 5 7 |  7.2
Fighting       | 4 5 6 7 |  7.0
Invocations    | 1 2 |  2.0
Necromancy     | 2 4 6 |  6.2
Dodging        | 1 2 |  2.3
Spellcasting   | 1 2 |  2.6

Action                   |  1- 3 |  4- 6 |  7- 9 | 10-12 || total
-------------------------+-------+-------+-------+-------++-------
Melee: War axe           |   118 |    70 |   376 |       ||   564
       Battleaxe         |       |       |     5 |   164 ||   169
       Hand axe          |       |       |       |    37 ||    37
 Cast: Animate Skeleton  |       |       |       |     4 ||     4
Invok: Heroism           |       |       |     1 |     2 ||     3
Evoke: Wand              |       |       |     3 |     4 ||     7
  Use: Potion            |     1 |     1 |     9 |     7 ||    18
       Scroll            |       |       |    13 |     3 ||    16
 Stab: Distracted        |       |       |     5 |     1 ||     6
  Eat: Chunk             |     1 |     4 |    13 |    10 ||    28
       Ration            |       |       |     1 |       ||     1
Armor: Scale mail        |    83 |    10 |       |       ||    93
       Plate armour      |       |    20 |   224 |   159 ||   403
       Skin              |       |       |     3 |       ||     3
Dodge: Dodged            |    29 |    15 |    47 |    62 ||   153
Block: Shield            |    77 |    28 |   187 |    36 ||   328
